 Dungeon Crawl Stone Soup version 0.28-a0-1227-ga9037bb4c8 (webtiles) character file.

Game seed: 7853526483711572745

95 ragingrage the Ogre Mage (level 4, -1/44 HPs)
             Began as an Ogre Fire Elementalist on Dec 22, 2021.
             Slain by an orc wizard (2 damage)
             ... on level 3 of the Dungeon.
             The game lasted 00:02:54 (3759 turns).

ragingrage the Ogre Mage (Ogre Fire Elementalist)   Turns: 3759, Time: 00:02:54

Health: -1/44      AC:  3    Str: 12    XL:     4   Next: 65%
Magic:  0/9        EV:  9    Int: 18    God:
Gold:   81         SH:  0    Dex:  9    Spells: 8/9 levels left

rFire   . . .      SeeInvis .   k - +1 dagger (speed)
rCold   . . .      Faith    .   (no shield)
rNeg    . . .      Spirit   .   a - +0 robe
rPois   .          Reflect  .   (helmet restricted)
rElec   .          Harm     .   (no cloak)
rCorr   .          Rampage  .   (gloves unavailable)
Will    .....                   (boots unavailable)
Stlth   +.........              (no amulet)
HPRegen 0.14/turn               (no ring)
MPRegen 0.11/turn               (no ring)

@: no status effects
A: large, unfitting armour, tough skin 1
a: no special abilities


You were on level 3 of the Dungeon.
You visited 1 branch of the dungeon, and saw 3 of its levels.

You collected 81 gold pieces.

Inventory:

Hand Weapons
 k - a +1 dagger of speed (weapon)
Missiles
 d - 3 atropa-tipped darts
Armour
 a - a +0 robe (worn)
Scrolls
 b - 2 scrolls of noise {unknown}
 c - 2 scrolls of enchant weapon {unknown}
 e - a scroll of vulnerability {unknown}
 f - 2 scrolls of brand weapon {unknown}
 g - 2 scrolls of identify {unknown}
 j - a scroll of torment {unknown}
Potions
 i - a potion of haste {unknown}
 l - a potion of heal wounds {unknown}
 m - a potion of curing {unknown}


   Skills:
 + Level 2.5 Fighting
 - Level 1.7 Dodging
 - Level 1.4 Stealth
 + Level 3.3 Spellcasting
 + Level 2.0 Conjurations
 + Level 3.3 Fire Magic


You had 8 spell levels left.
You knew the following spells:

 Your Spells              Type           Power      Damage    Failure   Level
a - Foxfire               Conj/Fire      48%        2x1d6     5%          1

Your spell library contained the following spells:

 Spells                   Type           Power      Damage    Failure   Level
 Scorch                   Fire           28%        2d6       6%          2
 Conjure Flame            Conj/Fire      12%        6-21      16%         3
 Inner Flame              Hex/Fire       8%         N/A       24%         3
 Flame Wave               Conj/Fire      12%        2d5       45%         4


Dungeon Overview and Level Annotations

Branches:
Dungeon (3/15)

Altars:
Beogh


Innate Abilities, Weirdness & Mutations

You are too large for most types of armour.
You have tough skin. (AC +1)


Message History

Casting: Foxfire (safe; 5% risk of failure)
Confirm with . or Enter, or press ? or * to list all spells.
You conjure some foxfire!
The foxfire hits the orc wizard but does no damage.
The orc wizard is almost dead.
The foxfire hits the orc priest.
The orc priest is moderately wounded.
The foxfire hits the orc priest.
The orc priest is severely wounded.
The orc wizard hits you with a +0 dagger.
The orc priest hits you with a +0 flail!
Casting: Foxfire (safe; 5% risk of failure)
Confirm with . or Enter, or press ? or * to list all spells.
You conjure some foxfire!
The foxfire hits the orc priest.
The orc priest is almost dead.
The foxfire hits the orc wizard but does no damage.
The orc wizard is almost dead.
The orc priest begins to cast a cantrip, but forgets the words!
Casting: Foxfire (safe; 5% risk of failure)
Confirm with . or Enter, or press ? or * to list all spells.
You don't have enough magic to cast this spell.
Casting: Foxfire (safe; 5% risk of failure)
Confirm with . or Enter, or press ? or * to list all spells.
You don't have enough magic to cast this spell.
Unknown command.
You miss the orc wizard.
The orc wizard is almost dead.
The foxfire hits the orc wizard but does no damage.
The orc wizard is almost dead.
The orc throws a boomerang.
The boomerang hits you.
You hit the orc wizard but do no damage.
The orc wizard is almost dead.
The orc priest mumbles some strange prayers to Beogh against you.
Pain shoots through your body!
* * * LOW HITPOINT WARNING * * *
The orc hits you from afar with a +0 trident.
* * * LOW HITPOINT WARNING * * *
It was a potion of cancellation.
You feel magically purged.
The orc wizard hits you with a +0 dagger.
You die...

#..###.......######.........
#.## #.....#.....##.........
#.# #####..#####........##..
#####......# ###......###.
##.$$######.# #........(>
#o8$8.### #.# ###.###....
#oo$.r'.###.# #.# #####
#.##..#########.#######
##...o†@................
#.#####.....oo....############
#................##
#................#
#######..........#
#..........# ############


You could see an orc priest, an orc wizard and an orc.

Vanquished Creatures
  4 adders
  3 worms (D:3)
  A dart slug (D:3)
  2 endoplasms (D:1)
  A giant cockroach (D:1)
  6 hobgoblins
  4 kobolds
  2 quokkas (D:1)
  6 ball pythons
  6 bats
  2 frilled lizards
  5 goblins
  10 rats
52 creatures vanquished.

Vanquished Creatures (others)
  208 foxfires
208 creatures vanquished.

Grand Total: 260 creatures vanquished

Notes
Turn   | Place    | Note
-------+----------+-------------------------------------------
     0 | D:1      | ragingrage the Ogre Fire Elementalist began the quest for
                  | the Orb.
     0 | D:1      | Reached XP level 1. HP: 16/16 MP: 3/3
   110 | D:1      | Reached skill level 1 in Conjurations
   313 | D:1      | Reached XP level 2. HP: 26/26 MP: 1/5
   522 | D:1      | Reached skill level 1 in Fighting
  1678 | D:2      | Reached XP level 3. HP: 31/33 MP: 0/7
  2811 | D:3      | Reached XP level 4. HP: 42/42 MP: 4/8
  3758 | D:3      | HP: 1/44 [orc (5)]
  3759 | D:3      | Slain by an orc wizard

Illustrated notes

Levels and vault maps discovered:
D:1:      kennysheep_arrival_forest, layout_basic, minmay_pentomino_s2
D:2:      layout_basic
D:3:      layout_rooms, kennysheep_orc_chapel

Skill      XL: |  1  2  3  4 |
---------------+-------------+-----
Conjurations   | 1 2 |  2.0
Fighting       | 1 2 |  2.5
Fire Magic     | 3 |  3.3
Spellcasting   | 3 |  3.3
Dodging        | |  1.7
Stealth        | |  1.4

Action                   |  1- 3 |  4- 6 || total
-------------------------+-------+-------++-------
Melee: Unarmed           |    18 |       ||    18
       Spear             |    23 |       ||    23
       Dagger            |     4 |    15 ||    19
 Cast: Foxfire           |    85 |    58 ||   143
  Use: Potion            |       |     1 ||     1
 Stab: Sleeping          |     1 |       ||     1
Armor: Robe              |    20 |     4 ||    24
Dodge: Dodged            |    39 |     2 ||    41

Table legend: (Time is in decaauts)
 A = Elapsed time spent in this place.
 B = Non-inter-level travel time spent in this place.
 C = Inter-level travel time spent in this place.
 D = Time resting spent in this place.
 E = Time spent auto-exploring this place.
 F = Levels seen in this place.
 G = Mean time per level.
                   A        B        C        D        E       F      G
               +--------+--------+--------+--------+--------+-----+--------+
         Total |   3753 |   3545 |    208 |    705 |   2381 |   3 | 1251.0 |
       Dungeon |   3753 |   3545 |    208 |    705 |   2381 |   3 | 1251.0 |
               +--------+--------+--------+--------+--------+-----+--------+

Top non-repeatable levels by time:
     D:1: 1616 daAuts
     D:2: 1188 daAuts
     D:3: 947 daAuts
